 Dungeon Crawl Stone Soup version 0.21.1-1-g345015f (webtiles) character file.

241 empire the Chopper (level 5, -1/45 HPs)
             Began as a Minotaur Fighter on May 4, 2018.
             Slain by an orc
             ... wielding a +0 short sword
              (2 damage)
             ... on level 4 of the Dungeon.
             The game lasted 00:06:21 (2873 turns).

empire the Chopper (Minotaur Fighter)               Turns: 2873, Time: 00:06:21

Health: -1/45      AC:  9    Str: 22    XL:     5   Next: 80%
Magic:  4/4        EV:  8    Int:  5    God:
Gold:   191        SH:  9    Dex:  9    Spells: 4/4 levels left

rFire    . . .     SeeInvis .   a - +0 war axe
rCold    . . .     Gourm    .   c - +0 shield
rNeg     . . .     Faith    .   b - +0 scale mail
rPois    .         Spirit   .   (helmet restricted)
rElec    .         Reflect  .   (no cloak)
rCorr    +         Harm     .   q - +1 pair of gloves
MR       .....                  (no boots)
Stlth    ..........             (no amulet)
HPRegen  0.15/turn              (no ring)
MPRegen  0.09/turn              r - ring of resist corrosion

@: no status effects
A: retaliatory headbutt, horns 2
a: no special abilities


You were on level 4 of the Dungeon.
You were not hungry.

You visited 1 branch of the dungeon, and saw 4 of its levels.

You collected 191 gold pieces.

Inventory:

Hand Weapons
 a - a +0 war axe (weapon)
Armour
 b - a +0 scale mail (worn)
 c - a +0 shield (worn)
 q - a +1 pair of gloves (worn)
Jewellery
 m - an uncursed ring of teleportation
 r - a ring of resist corrosion (right hand)
Scrolls
 d - a scroll of noise {unknown}
 e - 4 scrolls of identify
 i - 2 scrolls of immolation
 j - a scroll of magic mapping {unknown}
 k - 2 scrolls of amnesia {unknown}
 n - a scroll of remove curse
 o - 4 scrolls of enchant armour
 s - 2 scrolls of blinking {unknown}
 t - a scroll of fear {unknown}
Potions
 g - a potion of heal wounds
 h - 3 potions of curing
 l - a potion of ambrosia {unknown}
 p - a potion of agility {unknown}
Comestibles
 f - 8 rations


   Skills:
 - Level 3.6 Fighting
 * Level 5.0 Axes
 + Level 4.8 Armour
 + Level 2.5 Dodging
 + Level 4.7 Shields


You had 4 spell levels left.
You didn't know any spells.

Dungeon Overview and Level Annotations

Branches:
Dungeon (4/15)
 Temple: D:4-7

Altars:
Trog


Innate Abilities, Weirdness & Mutations

You reflexively headbutt those who attack you in melee.
You have a pair of horns on your head.


Message History

The orc wizard hits you but does no damage.
The orc hits you but does no damage.
The orc priest looks encouraged for a moment.
You hit the orc priest but do no damage.
You headbutt the orc priest, but do no damage.
The orc priest is severely wounded.
You slash the orc!
You kill the orc!
You closely miss the orc wizard. You hit the orc but do no damage.
You closely miss the orc. You closely miss the orc priest.
You block the orc priest's attack. You block the orc's attack.
The orc hits you but does no damage.
The orc wizard hits you but does no damage.
The orc priest calls down the wrath of Beogh upon you.
Beogh smites you!
* * * LOW HITPOINT WARNING * * *
The orc hits you with a dagger.
* * * LOW HITPOINT WARNING * * *
The orc hits you with a short sword.
You die...

....#.### ###........
...........###..........
........................
.....................#
...........##...)....#
>...............<....#
...........###.......#
......oo..((.........#
O..o...@o..###.......#
......Zoo..# #.......#
.......[...# #.......#
...........# ##......#
.....##....# #......#
##### #....# ########
#....# #....# ######


You could see an ogre (wandering), 2 orc priests, an orc wizard, 3 orcs and a
ball python skeleton.

Vanquished Creatures
  The ghost of Gandalfino the Skirmisher, an amateur DsFi (D:3)
  An orc priest (D:3)
  An orc wizard (D:3)
  3 adders
  An ooze (D:3)
  2 dart slugs
  A leopard gecko (D:1)
  5 orcs
  3 ball pythons
  9 bats
  2 giant cockroaches
  7 goblins
  8 hobgoblins
  A quokka (D:2)
  3 frilled lizards (D:1)
  7 kobolds
  9 rats
  A plant (D:1)
65 creatures vanquished.

Notes
Turn   | Place    | Note
-------+----------+-------------------------------------------
     0 | D:1      | empire the Minotaur Fighter began the quest for the Orb.
     0 | D:1      | Reached XP level 1. HP: 19/19 MP: 0/0
    75 | D:1      | Reached XP level 2. HP: 21/26 MP: 1/1
    82 | D:1      | Reached skill level 3 in Axes
   169 | D:1      | Reached skill level 1 in Dodging
   486 | D:1      | Reached XP level 3. HP: 31/31 MP: 2/2
  1580 | D:3      | Reached XP level 4. HP: 32/39 MP: 3/3
  1807 | D:3      | Found a bloodstained altar of Trog.
  1827 | D:3      | Noticed Gandalfino's ghost (amateur DsFi)
  1831 | D:3      | Killed Gandalfino's ghost
  1831 | D:3      | Reached skill level 4 in Axes
  1831 | D:3      | Reached XP level 5. HP: 44/45 MP: 4/4
  2546 | D:3      | Reached skill level 5 in Axes
  2873 | D:4      | HP: 1/45 [orc/dagger (2)]
  2873 | D:4      | Slain by an orc

Skill      XL: |  1  2  3  4  5 |
---------------+----------------+-----
Axes           | 3 4 5 |  5.0
Dodging        | 1 2 |  2.5
Shields        | 4 |  4.7
Armour         | 4 |  4.8
Fighting       | |  3.6

Action                   |  1- 3 |  4- 6 || total
-------------------------+-------+-------++-------
Melee: War axe           |   115 |    58 ||   173
       Headbutt          |    15 |     6 ||    21
  Use: Potion            |     1 |     2 ||     3
       Scroll            |       |     4 ||     4
  Eat: Chunk             |     2 |     4 ||     6
Armor: Scale mail        |    52 |    42 ||    94
Dodge: Dodged            |    38 |    24 ||    62
Block: Shield            |    59 |    40 ||    99
